 Dungeon Crawl Stone Soup version 0.26-a0-651-gb41185065b (webtiles) character file.

Game seed: 2761396175199991582

(classic levelgen) 16219 EnegeticOcto the Cleaver (level 12, 75/112 HPs)
             Began as a Deep Dwarf Fighter on Oct 17, 2020.
             Was a Priest of Makhleb.
             Quit the game in a bailey.
             The game lasted 00:08:11 (9033 turns).

EnegeticOcto the Cleaver (Deep Dwarf Fighter)       Turns: 9033, Time: 00:08:12

Health: 75/112     AC: 33    Str: 25    XL:     12   Next: 8%
Magic:  3/3        EV:  6    Int:  9    God:    Makhleb [***...]
Gold:   1597       SH: 12    Dex: 12    Spells: 11/11 levels left

rFire    . . .     SeeInvis +   a - +1 war axe
rCold    . . .     Faith    .   c - +0 kite shield
rNeg     . . .     Spirit   .   w - +6 plate armour of Guyrris {rPois SInv}
rPois    +         Reflect  .   g - +0 helmet
rElec    .         Harm     .   x - +0 cloak
rCorr    .         Rampage  .   k - +1 pair of gloves
MR       +....                  z - +2 pair of boots
Stlth    ..........             (no amulet)
HPRegen  0.00/turn              (no ring)
MPRegen  0.08/turn              o - +4 ring of protection

@: non-regenerating
A: damage resistance, heal wounds, sense surroundings 2, no regeneration
a: Heal Wounds, Minor Destruction, Lesser Servant of Makhleb, Renounce Religion


You were in a bailey.
You worshipped Makhleb.
Makhleb was most pleased with you.
You visited 2 branches of the dungeon, and saw 13 of its levels.
You also visited: Ossuary and Bailey.

You collected 1732 gold pieces.
You spent 135 gold pieces at shops.

Inventory:

Hand Weapons
 a - a +1 war axe (weapon)
Missiles
 y - 3 throwing nets (quivered)
Armour
 c - a +0 kite shield (worn)
 g - a +0 helmet (worn)
 k - a +1 pair of gloves (worn)
 w - the +6 plate armour of Guyrris (worn) {rPois SInv}
   (You found it on level 6 of the Dungeon)

   It protects you from poison.
   It lets you see invisible.
 x - a +0 cloak (worn)
 z - a +2 pair of boots (worn)
Jewellery
 o - a +4 ring of protection (right hand)
Wands
 B - a wand of polymorph (12)
 D - a wand of disintegration (11)
Scrolls
 e - a scroll of noise {unknown}
 f - 9 scrolls of teleportation {@r3}
 u - 2 scrolls of blinking
 v - 2 scrolls of remove curse {@r2}
 C - a scroll of enchant weapon
Potions
 b - 2 potions of resistance {unknown}
 d - 2 potions of might {@q3}
 h - 6 potions of curing {@q1}
 i - 5 potions of haste {@q4}
 j - a potion of magic
 m - 2 potions of heal wounds {@q2}
 q - 2 potions of flight
 r - a potion of ambrosia {unknown}
 s - a potion of mutation {unknown}


   Skills:
 + Level 8.3 Fighting
 * Level 13.0 Axes
 + Level 9.9 Armour
 + Level 9.9 Shields
 * Level 7.6 Invocations


You had 11 spell levels left.
You didn't know any spells.
Your spell library was empty.

Dungeon Overview and Level Annotations

Branches:
Dungeon (12/15)            Temple (1/1) D:7            Lair (0/6) D:9
    Orc (0/2) D:10        Ossuary (visited)          Bailey (1/1)

Altars:
Ashenzari
Cheibriados
Dithmenos
Elyvilon
Fedhas
Gozag
Hepliaklqana
Kikubaaqudgha
Makhleb
Nemelex Xobeh
Okawaru
Qazlal
Ru
Sif Muna
Trog
Uskayaw
Vehumet
Wu Jian
Xom
Yredelemnul
Zin
The Shining One

Shops:
D:3 *   D:11 ?

Annotations:
D:8 1 runed translucent door


Innate Abilities, Weirdness & Mutations

You are resistant to damage.
You can heal yourself by infusing magical energy.
You passively map the area around you.
You do not regenerate.


Message History

Makhleb accepts your kill.
The orc warrior hits you with a +0 war axe.
You barely miss the orc warrior.
The orc warrior is almost dead.
The electric eel shoots out a bolt of lightning at you!
The bolt of electricity hits you!
You hit the orc warrior.
The orc warrior is almost dead.
The orc warrior hits you with a +0 war axe.
The orc warrior closely misses you.
The electric eel shoots out a bolt of lightning at you!
The bolt of electricity hits you but does no damage.
Things that are here:
a +0 hand axe; a +0 leather armour The orc warrior hits you but does no damage.
You open the door. The orc warrior barely misses you.
Found 17 gold pieces.
You barely miss the orc warrior.
The orc warrior is almost dead.
You hit the orc warrior.
You kill the orc warrior!
Makhleb accepts your kill.
You feel better.
Your Axes skill increases to level 13!
The electric eel shoots out a bolt of lightning at you!
The bolt of electricity hits you but does no damage.
Things that are here:
a +0 war axe; a +0 ring mail; an orc corpse No target in view!
No target in view!
No target in view!
No target in view!
No target in view!
No target in view!
No target in view!
No target in view!
No target in view!
No target in view!
There is an open door here.
You now have 495 gold pieces (gained 17).
There is an open door here.
Things that are here:
a +0 war axe; a +0 ring mail; an orc corpse
Things that are here:
a +0 hand axe; a +0 leather armour
There is an open door, spattered with blood here.
No target in view!
No target in view!
An electric eel comes into view.
As you open the door, it creaks loudly!
An orc and an orc warrior come into view.
The orc warrior shouts!
The orc shouts!
There is an open door here.
You block the orc warrior's attack.
You slash the orc warrior!
The orc warrior is moderately wounded.
You slash the orc!
You kill the orc!
Makhleb accepts your kill.
The orc warrior hits you but does no damage.
You hit the orc warrior.
The orc warrior is heavily wounded.
The orc warrior hits you but does no damage.
You hit the orc warrior but do no damage.
The orc warrior is heavily wounded.
You hit the orc warrior but do no damage.
The orc warrior is heavily wounded.
The orc warrior hits you but does no damage.
You closely miss the orc warrior.
The orc warrior is heavily wounded.
The orc warrior hits you with a +0 war axe.
You closely miss the orc warrior.
The orc warrior is heavily wounded.
You block the orc warrior's attack.
Your plate armour of Guyrris prevents you from hitting the orc warrior.
The orc warrior is heavily wounded.
You slash the orc warrior!
The orc warrior is almost dead.
You block the orc warrior's attack.
You hit the orc warrior.
You kill the orc warrior!
Makhleb accepts your kill.
No target in view!
No target in view!
No target in view!
No target in view!
No target in view!
No target in view!
Things that are here:
a +0 war axe; a +0 chain mail; an orc corpse You open the door.
Found a scroll of acquirement.
There is an open door here.
l - a scroll of acquirement Something appears at your feet!
You now have 1597 gold pieces (gained 1102).
You are a level 12 Deep Dwarf Fighter.
You are 8% of the way to level 13.
Play time: 00:08:10 (9033 turns) Unknown command.
Are you sure you want to abandon this character and quit the game? (Confirm with "yes".)

.###########.8.#.≈≈≈≈≈≈≈
...#######.....#.≈≈≈≈≈≈≈
≈*
...#.....#...8.#.≈≈≈≈≈≈≈
≈
...#.....#.....#.≈≈≈≈≈≈≈
≈
#..#..⌠..#..####'#≈≈≈≈≈≈
#..'.....+..#..).#≈≈≈≈≈≈
#..')))..+ #..).#≈≈≈≈≈≈
*
#####')'#####..###≈≈≈≈≈≈
#...........#..'@#
≈;≈≈≈≈ *
#≈≈≈≈...≈≈≈≈###### ≈≈≈≈≈
* ≈≈≈≈≈...≈≈≈≈≈≈≈ ≈≈ ≈≈
≈≈≈≈≈...≈≈≈≈≈≈≈≈ ≈ ≈ *
≈≈≈≈≈...≈≈≈≈≈≈≈ ≈ ≈
≈≈≈≈≈...≈≈≈≈≈≈≈ ≈≈ ≈ ≈ ≈
≈≈.........≈≈≈≈ ≈ ≈
###.......##### * *
#.......#


There were no monsters in sight!

Vanquished Creatures
  A fire dragon (D:9)
  A hydra (D:11)
  Erica (D:10)
  2 two-headed ogres
  An orc knight (Bailey)
  Pikel (D:9)
  2 ugly things
  Psyche (D:8)
  A gargoyle (D:11)
  2 kobold demonologists (Bailey)
  2 trolls (D:10)
  A wind drake (D:10)
  2 slime creatures (D:12)
  A hippogriff (D:10)
  A wraith (D:10)
  6 yaks (D:9)
  An acid dragon (D:11)
  A water moccasin (D:11)
  Duvessa (D:6)
  2 ice beasts
  A sky beast (D:8)
  14 orc warriors
  4 black bears
  A hornet zombie (D:8)
  2 phantoms
  2 necrophages
  3 centaurs
  2 ogres
  A lemure (D:9)
  2 elf zombies (Ossuary)
  A big kobold (D:10)
  4 bullfrogs
  Dowan (D:6)
  A gnoll sergeant (D:3)
  5 scorpions
  9 wights (D:11)
  13 killer bees
  3 howler monkeys
  2 electric eels (Bailey)
  2 bullfrog zombies
  3 centaur zombies
  2 quasits (D:9)
  2 human zombies (Ossuary)
  2 bullfrog skeletons
  10 hounds
  8 orc priests
  3 jellies
  5 gnoll shamans
  4 iguanas
  A centaur skeleton (D:4)
  7 worker ants
  14 orc wizards
  A killer bee zombie (D:7)
  2 big kobold zombies (Ossuary)
  7 hound skeletons
  2 mummies (Ossuary)
  A worker ant zombie (D:8)
  A howler monkey zombie (D:7)
  Robin (D:2)
  38 gnolls
  18 adders
  A howler monkey skeleton (D:5)
  A shadow imp (D:10)
  A white imp (D:5)
  4 ufetubi
  An ooze (D:2)
  An adder skeleton (D:4)
  An adder zombie (Ossuary)
  A dart slug (D:2)
  5 leopard geckos
  42 orcs
  2 giant cockroaches
  22 goblins
  11 hobgoblins
  23 jackals
  8 quokkas
  2 ball pythons
  13 bats
  4 frilled lizards
  12 hobgoblin zombies (Ossuary)
  A jackal skeleton (D:4)
  A jackal zombie (Ossuary)
  9 kobolds
  4 kobold zombies (Ossuary)
  3 leopard gecko zombies
  10 orc zombies (Ossuary)
  2 rats (D:2)
  A rat zombie (Ossuary)
422 creatures vanquished.

Vanquished Creatures (others)
  A scorpion (D:3)
  A leopard gecko (D:3)
  A ball python (D:3)
  A frilled lizard (D:3)
  2 plants (D:3)
6 creatures vanquished.

Grand Total: 428 creatures vanquished

Notes
Turn   | Place    | Note
-------+----------+-------------------------------------------
     0 | D:1      | EnegeticOcto the Deep Dwarf Fighter began the quest for the
                  | Orb.
     0 | D:1      | Reached XP level 1. HP: 20/20 MP: 1/1
   114 | D:2      | Noticed Robin
   118 | D:2      | Reached XP level 2. HP: 24/27 MP: 2/2
   120 | D:2      | Killed Robin
   137 | D:2      | Reached skill level 3 in Axes
   138 | D:2      | Reached XP level 3. HP: 18/33 MP: 3/3
   179 | D:2      | Found a shadowy altar of Dithmenos.
   179 | D:2      | Noticed a shadow
   190 | D:2      | Found a hazy altar of Hepliaklqana.
   198 | D:2      | Found a snail-covered altar of Cheibriados.
   387 | D:4      | Reached XP level 4. HP: 38/42 MP: 4/4
   511 | D:4      | Reached skill level 4 in Axes
   511 | D:4      | Reached XP level 5. HP: 31/49 MP: 5/5
   637 | D:4      | Found a sand-covered staircase.
   659 | Ossuary  | Entered an ossuary
   722 | Ossuary  | Reached XP level 6. HP: 50/57 MP: 3/3
   764 | Ossuary  | Reached skill level 5 in Axes
   840 | Ossuary  | Reached skill level 5 in Armour
   840 | Ossuary  | Reached XP level 7. HP: 37/64 MP: 4/4
   964 | D:4      | Reached skill level 5 in Shields
  1125 | D:4      | Reached skill level 6 in Axes
  1178 | D:5      | Entered Level 5 of the Dungeon
  1251 | D:5      | Found a basalt altar of Yredelemnul.
  1557 | D:6      | Noticed Duvessa
  1557 | D:6      | Noticed Dowan
  1576 | D:6      | Killed Duvessa
  1576 | D:6      | Reached XP level 8. HP: 70/73 MP: 5/5
  1584 | D:6      | Killed Dowan
  1586 | D:6      | Reached skill level 7 in Axes
  1666 | D:6      | Got a smoking plate armour
  1676 | D:6      | Identified the +6 plate armour of Guyrris {rPois SInv} (You
                  | found it on level 6 of the Dungeon)
  1682 | D:6      | Got a clouded crystal amulet
  2100 | D:6      | Identified the amulet "Jufeseap" {Spirit rC- Str+3 Dex+3}
                  | (You found it on level 6 of the Dungeon)
  2183 | D:7      | Found a staircase to the Ecumenical Temple.
  2192 | Temple   | Entered the Ecumenical Temple
  2874 | D:2      | Reached skill level 5 in Fighting
  3239 | D:2      | Found a blossoming altar of Fedhas.
  3299 | D:3      | Found a broken altar of Ashenzari.
  3387 | D:3      | Reached skill level 8 in Axes
  3540 | D:3      | Found a radiant altar of Vehumet.
  3836 | D:3      | Found a white marble altar of Elyvilon.
  3942 | D:3      | Found an opulent altar of Gozag.
  3943 | D:3      | Found Gozag's Platinum Reserve.
  4224 | D:7      | Found an iron altar of Okawaru.
  4282 | D:7      | Gained mutation: You passively map the area around you.
                  | [Deep Dwarf growth]
  4282 | D:7      | Reached XP level 9. HP: 48/81 MP: 4/4
  4604 | D:7      | Found a shimmering altar of Xom.
  4706 | D:8      | Reached skill level 9 in Axes
  4739 | D:8      | Found a bloodstained altar of Trog.
  4910 | D:8      | Found a shimmering blue altar of Sif Muna.
  5024 | D:8      | Found a runed translucent door.
  5092 | D:8      | Noticed Psyche
  5096 | D:8      | Killed Psyche
  5115 | D:8      | Reached skill level 10 in Axes
  5201 | D:8      | Reached XP level 10. HP: 51/92 MP: 2/2
  5730 | D:9      | Found a staircase to the Lair.
  5730 | D:9      | Noticed a fire dragon
  5743 | D:9      | Killed a fire dragon
  5815 | D:9      | Found a shadowy altar of Dithmenos.
  5816 | D:9      | Noticed Pikel
  5828 | D:9      | Killed Pikel
  5828 | D:9      | Reached skill level 11 in Axes
  6025 | D:9      | Found a hide-covered altar of Uskayaw.
  6189 | D:9      | Found a burning altar of Makhleb.
  6200 | D:9      | Became a worshipper of Makhleb the Destroyer
  6439 | D:10     | Entered Level 10 of the Dungeon
  6451 | D:10     | Reached skill level 1 in Invocations
  6452 | D:10     | Found a staircase to the Orcish Mines.
  6465 | D:10     | Noticed a green ugly thing
  6481 | D:10     | Killed a green ugly thing
  6486 | D:10     | Noticed a two-headed ogre
  6502 | D:10     | Killed a two-headed ogre
  6502 | D:10     | Reached XP level 11. HP: 61/100 MP: 3/5
  6540 | D:10     | Noticed Erica
  6549 | D:10     | Killed Erica
  6688 | D:10     | Noticed Maurice
  6703 | D:10     | Reached skill level 12 in Axes
  6720 | D:10     | Noticed Maurice
  6720 | D:10     | Maurice changed into Maurice the fire crab
  6724 | D:10     | Noticed Maurice
  6724 | D:10     | Maurice the fire crab changed into Maurice the wind drake
  6756 | D:10     | Killed Maurice the wind drake
  6982 | D:10     | Reached * piety under Makhleb
  7447 | D:11     | Reached skill level 5 in Invocations
  7570 | D:11     | Noticed a two-headed ogre
  7584 | D:11     | Killed a two-headed ogre
  7688 | D:11     | Reached ** piety under Makhleb
  7792 | D:11     | Noticed a seven-headed hydra
  7818 | D:11     | HP: 5/103 [11-headed hydra (9)]
  7849 | D:11     | Killed a 19-headed hydra
  7900 | D:11     | Found Kecrits's Magic Scroll Boutique.
  7904 | D:11     | Bought a scroll of enchant armour for 135 gold pieces
  8182 | D:11     | Noticed a purple ugly thing
  8196 | D:11     | Killed a purple ugly thing
  8583 | D:12     | Found a flagged portal.
  8584 | D:12     | Noticed a seven-headed hydra
  8620 | Bailey   | Entered a bailey
  8650 | Bailey   | Noticed an orc knight
  8680 | Bailey   | Killed an orc knight
  8690 | Bailey   | Found an iron altar of Okawaru.
  8691 | Bailey   | Noticed a sun demon
  8709 | Bailey   | Noticed a soul eater
  8737 | Bailey   | Noticed a sixfirhy
  8738 | Bailey   | Reached XP level 12. HP: 69/111 MP: 3/3
  8783 | Bailey   | Reached *** piety under Makhleb
  8989 | Bailey   | Reached skill level 13 in Axes
  9031 | Bailey   | Acquired 1102 gold pieces
  9033 | Bailey   | Quit the game

Illustrated notes

Levels and vault maps discovered:
D:1:      sevenhm_arrival_forest_fort_small_6, layout_basic, serial_forest,
          infiniplex_forest_straight_3, infiniplex_forest_end_3,
          infiniplex_forest_corner_1, infiniplex_forest_lined_ring,
          infiniplex_forest_lined_corner, infiniplex_forest_diagonal
D:2:      layout_basic, riverfiend_overflow_shadow_ancestor,
          cheibriados_altar_1, marbit_many_paths, uniq_robin
D:3:      lemuel_castle_with_subvaults [lemuel_castle_interior_original],
          layout_basic, nicolae_gozag_zags_fifth_avenue, fiery_altar_vehumet,
          lemuel_doored_altar, cheibrodos_ashenzari_chains
D:4:      layout_gridville, enter_ossuary_1
D:5:      layout_basic, kennysheep_mini_moat
D:6:      layout_gridville, nrook_mini_vaults, uniq_duvessa
D:7:      layout_gridville, lemuel_crystal_altar, minmay_temple_entry_glass,
          okawaru_gym_becter
D:8:      layout_loops_corners, kennysheep_little_box, trog_ov_bears_minmay,
          lightli_church_of_beogh, uniq_psyche
D:9:      layout_irregular_city, nicolae_overflow_hidden_temple,
          makhleb_blood_cavern_becter, minmay_lair_entry_lava,
          nicolae_dithmenos_shadow_blocks, uniq_pikel
D:10:     layout_loops_ring, orc_0_dummy, kennysheep_generic_room_11,
          uniq_erica, uniq_maurice
D:11:     layout_loops_corners, serial_shops, shop
D:12:     layout_loops_ring, enter_bailey_6
Temple:   grunt_temple_mini_profane
Bailey:   bailey_axe_of_yendor_kennysheep, bailey

Skill      XL: |  1  2  3  4  5  6  7  8  9 10 11 12 |
---------------+-------------------------------------+-----
Axes           | 3 4 5 6 8 10 11 12 13 | 13.0
Fighting       | 3 4 5 6 7 8 |  8.3
Armour         | 4 5 6 7 9 |  9.9
Shields        | 4 5 6 7 9 |  9.9
Invocations    | 2 7 |  7.6

Action                   |  1- 3 |  4- 6 |  7- 9 | 10-12 || total
-------------------------+-------+-------+-------+-------++-------
Melee: War axe           |    95 |   179 |   608 |   773 ||  1655
 Abil: Heal Wounds       |     1 |     5 |    11 |    40 ||    57
Evoke: Wand              |       |       |     4 |    32 ||    36
  Use: Scroll            |       |     2 |     8 |     9 ||    19
       Potion            |       |       |       |     1 ||     1
Armor: Scale mail        |    43 |       |       |       ||    43
       Chain mail        |    13 |   124 |    75 |       ||   212
       Plate armour      |       |       |   466 |   806 ||  1272
Dodge: Dodged            |    35 |    52 |   161 |   245 ||   493
Block: Kite shield       |    61 |   102 |   418 |   607 ||  1188

Table legend: (Time is in decaauts)
 A = Elapsed time spent in this place.
 B = Non-inter-level travel time spent in this place.
 C = Inter-level travel time spent in this place.
 D = Time resting spent in this place.
 E = Time spent auto-exploring this place.
 F = Levels seen in this place.
 G = Mean time per level.
                   A        B        C        D        E       F      G
               +--------+--------+--------+--------+--------+-----+--------+
         Total |   9206 |   8538 |    668 |      0 |   5513 |  15 |  613.7 |
       Dungeon |   8289 |   7644 |    645 |      0 |   5248 |  12 |  690.8 |
        Temple |    183 |    160 |     23 |      0 |    160 |   1 |  183.0 |
       Ossuary |    332 |    332 |      0 |      0 |     98 |   1 |  332.0 |
        Bailey |    399 |    399 |      0 |      0 |      7 |   1 |  399.0 |
               +--------+--------+--------+--------+--------+-----+--------+

Top non-repeatable levels by time:
    D:11: 1124 daAuts
     D:2: 1029 daAuts
     D:8: 998 daAuts
     D:3: 964 daAuts
    D:10: 837 daAuts
     D:9: 802 daAuts
     D:6: 694 daAuts
     D:4: 588 daAuts
     D:7: 493 daAuts
     D:5: 444 daAuts
  Bailey: 399 daAuts
 Ossuary: 332 daAuts
    D:12: 195 daAuts
  Temple: 183 daAuts
     D:1: 117 daAuts
